Map: Orbital Shipyard

Players

Starrk - Winner!

  • Race: Protoss Protoss

Gracz

  • Race: Terran Terran

VOD

Have the link to the VOD?

Description

Time

  • Played on: March 8, 2016, 2:58 p.m.
  • Length: 25:27
Show
View Real Time Build Order
Export as new Build Order

Starrk Protoss - Winner!

Build Orders: Colossus Rush 

Get SALT Encoding   

  12  0:09  Pylon  
  12  0:13  Probe (Chrono Boost)  
  13  0:24  Probe (Chrono Boost)  
  14  0:34  Gateway  
  14  0:36  Probe (Chrono Boost)  
  15  0:47  Probe (Chrono Boost)  
  16  0:53  Forge  
  16  0:58  Probe (Chrono Boost)  
  16  1:03  Pylon  
  17  1:08  Probe (Chrono Boost)  
  18  1:14  Assimilator  
  18  1:19  Probe (Chrono Boost)  
  18  1:21  Assimilator  
  19  1:36  Pylon  
  19  1:43  Cybernetics Core  
  19  1:48  Photon Cannon  
  19  1:49  Probe (Chrono Boost)  
  20  1:59  Photon Cannon  
  20  2:02  Probe (Chrono Boost)  
  20  2:06  Zealot (Chrono Boost)  
  23  2:13  Probe  
  24  2:19  Photon Cannon  
  24  2:25  Probe  
  25  2:37  Probe  
  25  2:39  Photon Cannon  
  26  2:46  Zealot (Chrono Boost)  
  26  2:49  Probe  
  29  2:56  Robotics Facility  
  29  3:09  Zealot (Chrono Boost)  
  31  3:23  Pylon  
  31  3:26  Robotics Facility  
  31  3:38  Stalker (Chrono Boost)  
  33  3:52  Immortal (Chrono Boost)  
  37  4:05  Nexus  
  37  4:10  Assimilator  
  41  4:24  Immortal (Chrono Boost)  
  41  4:31  Probe  
  42  4:43  Probe  
  43  4:48  Robotics Bay  
  43  4:55  Probe  
  44  5:07  Probe  
  44  5:12  Pylon  
  45  5:19  Pylon  
  49  5:23  Observer (Chrono Boost), Immortal (Chrono Boost)  
  49  5:27  Probe  
  51  5:33  Assimilator  
  51  5:34  Probe  
  51  5:39  Probe  
  53  5:57  Colossus (Chrono Boost)  
  59  6:06  Probe  
  59  6:11  Probe  
  61  6:16  Extended Thermal Lance (Chrono Boost), Probe  
  62  6:23  Probe  
  63  6:27  Probe  
  64  6:35  Probe  
  64  6:38  Stargate  
  65  6:42  Probe  
  66  6:50  Probe  
  66  6:52  Probe  
  67  6:54  Colossus  
  74  7:02  Probe  
  74  7:03  Probe  
  76  7:10  Pylon  
  76  7:18  Pylon  
  76  7:21  Pylon  
  76  7:23  Pylon  
  76  7:30  Fleet Beacon  
  76  7:39  Stargate  
  76  7:50  Nexus  
  80  8:05  Immortal  
  80  8:06  Immortal  
  84  8:13  Assimilator  
  84  8:17  Assimilator  
  84  8:23  Probe  
  84  8:25  Probe  
  86  8:32  Carrier  
  92  8:35  Probe  
  92  8:36  Probe  
  94  8:46  Probe  
  94  8:47  Probe  
  96  8:50  Colossus  
  96  8:53  Observer  
  103  9:08  Carrier  
  109  9:26  Pylon  
  109  9:27  Pylon  
  109  9:29  Pylon  
  109  9:37  Stargate, Graviton Catapult (Chrono Boost)  
  109  9:46  Stargate  
  109  9:55  Protoss Air Weapons Level 1 (Chrono Boost)  
  109  9:59  Protoss Shields Level 1 (Chrono Boost)  
  109  10:02  Mothership Core  
  111  10:19  Carrier  
  117  10:25  Immortal  
  125  10:28  Immortal  
  125  10:43  Carrier  
  131  11:14  Carrier  
  137  11:25  Nexus  
  143  11:29  Pylon  
  143  11:30  Pylon  
  143  11:35  Pylon  
  143  11:41  Assimilator  
  143  11:47  Assimilator  
  143  11:49  Probe, Protoss Air Armor Level 1 (Chrono Boost)  
  143  11:52  Probe  
  145  12:01  Probe  
  145  12:03  Probe  
  147  12:13  Probe x2  
  149  12:27  Twilight Council  
  149  12:30  Pylon  
  149  12:32  Pylon  
  149  12:41  Immortal  
  149  12:42  Immortal  
  157  12:45  Pylon  
  157  12:58  Carrier  
  163  13:14  Carrier x2  
  175  13:21  Observer  
  175  13:22  Observer  
  177  13:36  Protoss Air Weapons Level 2 (Chrono Boost)  
  177  13:40  Protoss Shields Level 2 (Chrono Boost)  
  177  13:58  Carrier  
  183  14:22  Colossus x2  
  195  14:54  Observer Gravitic Boosters (Chrono Boost)  
  194  15:30  Assimilator  
  194  15:35  Nexus  
  194  15:39  Assimilator  
  194  15:48  Immortal  
  198  15:51  Observer  
  199  16:08  Protoss Shields Level 3 (Chrono Boost)  
  199  16:33  Protoss Air Weapons Level 3 (Chrono Boost)  
  191  19:04  Protoss Air Armor Level 2  
  171  20:51  Carrier x3  
  171  20:52  Carrier  
  171  20:56  Mothership Core  
Show
View Real Time Build Order
Export as new Build Order

Gracz Terran 

Build Orders:  

Get SALT Encoding   

  12  0:02  SCV  
  13  0:14  SCV  
  14  0:28  Supply Depot  
  14  0:42  Supply Depot, SCV  
  15  0:43  Engineering Bay  
  15  0:52  Refinery  
  15  1:05  Barracks  
  15  1:18  SCV  
  16  1:30  SCV  
  17  1:44  SCV  
  18  1:52  Marine  
  19  2:01  Barracks  
  19  2:12  Factory  
  19  2:15  Refinery  
  19  2:35  Barracks Reactor  
  19  2:49  Barracks  
  19  2:50  SCV  
  20  2:57  Barracks Reactor  
  20  3:02  SCV  
  20  3:04  Barracks  
  21  3:25  Sensor Tower  
  21  3:26  Orbital Command  
  21  3:33  Factory Tech Lab  
  21  3:43  Missile Turret  
  20  4:04  Barracks Reactor  
  20  4:14  Building Armor, Command Center  
  20  4:32  Barracks Tech Lab  
  20  4:33  Marine  
  20  4:34  Marine, Refinery  
  22  4:55  Bunker  
  22  4:56  Marine x2  
  22  4:57  Marine x3  
  22  4:58  Marine  
  28  5:04  SCV  
  29  5:16  SCV  
  30  5:29  Engineering Bay  
  30  5:35  Starport  
  30  5:40  Marine x2  
  30  5:42  Marine x2  
  33  5:48  Reaper  
  35  5:54  Terran Infantry Weapons Level 1  
  35  5:56  Orbital Command  
  35  6:00  Marine x2  
  37  6:11  Starport Tech Lab  
  37  6:16  Starport, Terran Infantry Armor Level 1  
  37  6:23  Refinery  
  37  6:24  SCV  
  38  6:42  Marine  
  38  6:43  Marine x5  
  44  6:57  SCV  
  44  7:00  Starport Reactor, Marine  
  46  7:17  Supply Depot  
  46  7:38  Marine x3, SCV  
  46  7:39  Marine  
  46  7:40  Marine x2  
  46  7:43  Supply Depot  
  53  7:53  SCV  
  54  8:04  Marine x6  
  54  8:05  SCV x2  
  61  8:06  Supply Depot  
  62  8:28  SCV x2  
  64  8:40  SCV x2  
  66  8:42  Supply Depot  
  66  8:52  SCV x2  
  68  9:04  SCV x2  
  70  9:11  Supply Depot  
  70  9:25  Armory  
  70  9:29  Marine  
  70  9:30  Marine x3  
  70  9:31  Marine x2  
  75  9:33  Armory  
  75  9:37  Supply Depot  
  76  9:47  Marine  
  76  9:49  Marine  
  78  9:59  Supply Depot  
  78  10:19  Supply Depot  
  78  10:21  Supply Depot  
  78  10:42  Supply Depot  
  78  10:46  Medivac x2  
  82  10:51  Supply Depot  
  82  11:06  Fusion Core  
  82  11:07  Supply Depot  
  82  11:14  Supply Depot  
  82  11:20  Marine x3  
  82  11:21  Marine  
  82  11:22  Marine x2  
  88  11:27  Command Center  
  88  11:29  Terran Infantry Armor Level 2, Terran Infantry Weapons Level 2  
  88  11:30  Supply Depot  
  88  11:31  Terran Vehicle Weapons Level 1  
  88  11:32  Terran Ship Weapons Level 1  
  88  11:37  Marine  
  88  11:38  Marine x2  
  88  11:39  Marine  
  92  11:40  Marine x2  
  92  11:43  Armory  
  92  11:45  Stimpack  
  96  11:47  Marauder  
  96  11:54  Supply Depot  
  96  11:55  Marine  
  96  11:56  Marine x3  
  96  11:57  Marine  
  96  11:58  Marine  
  102  12:02  Medivac  
  102  12:03  Medivac  
  106  12:13  Marine  
  107  12:17  Supply Depot, Starport  
  107  12:36  Cloaking Field  
  107  12:38  Banshee  
  110  12:53  Refinery  
  110  12:54  Starport  
  110  13:06  Marine  
  110  13:07  Marine  
  110  13:08  Marine x2  
  110  13:09  Marine  
  115  13:14  Marine  
  115  13:19  Refinery  
  116  13:24  Marine x2  
  116  13:26  Marine x3  
  121  13:32  Marine, Starport  
  122  13:42  Marine x2  
  122  13:44  Marine x3  
  122  13:45  Combat Shields, Bunker, Hi-Sec Auto Tracking, Neosteel Frame  
  122  13:48  Sensor Tower  
  127  13:50  Marine  
  128  14:00  Marine x2  
  128  14:01  Marine  
  128  14:02  Marine x2  
  133  14:05  Terran Vehicle Weapons Level 2  
  133  14:06  Terran Vehicle And Ship Armor Level 1  
  133  14:08  Marine  
  134  14:10  Missile Turret  
  134  14:17  Bunker, Marine  
  134  14:19  Marine, Starport Tech Lab  
  134  14:20  Marine x2, Starport, Starport Tech Lab x2  
  138  14:49  Supply Depot  
  138  15:10  Starport Tech Lab  
  138  15:13  Supply Depot  
  138  15:46  Banshee  
  138  15:48  Banshee  
  138  15:49  Battlecruiser  
  156  15:50  Battlecruiser  
  156  15:52  Corvid Reactor  
  156  15:53  Explosive Shrapnel Shells  
  156  15:55  High Capacity Fuel Tanks  
  156  16:12  Orbital Command  
  156  16:19  Marine x4  
  156  16:20  Marine  
  156  16:21  Siege Tank  
  164  16:29  Banshee  
  167  16:37  Marine  
  168  16:58  Battlecruiser  
  168  16:59  Battlecruiser x2, Refinery  
  168  17:00  Refinery  
  186  17:02  Medivac, Orbital Command  
  188  17:32  Medivac  
  188  17:33  SCV  
  191  17:45  SCV  
  192  17:57  SCV  
  193  18:14  Raven  
  189  18:49  Raven  
  51  19:21  Marine x6  
  51  19:23  Battlecruiser  
  55  19:24  Medivac  
  55  19:25  Medivac  
  52  19:39  Marine x6  
  50  19:46  Thor  
  50  19:56  Marine  
  50  19:57  Marine x5  
  56  20:03  Marauder  
  49  20:15  Marine x2  
  18  21:06  Orbital Command  
  2  21:50  SCV  
  3  22:02  SCV  
  4  22:08  Supply Depot  
  5  22:19  Command Center  
  2  23:04  Barracks  
  2  23:56  Factory  
  2  24:05  Factory, Orbital Command  
Tags
 
Add a new tag
Caveats
  • Supply blocks, unpowered buildings, or Contaminate may cause inaccurate times.
  • Supply counts are checked every 10 seconds.